 Dungeon Crawl Stone Soup version 0.24.0-123-gd5b16e6ec5 (webtiles) character file.

Game seed: 10399011644501274387, levelgen mode: deterministic

163 sagitran the Poker (level 5, -4/41 HPs)
             Began as a Merfolk Gladiator on Dec 23, 2019.
             Killed from afar by an orc wizard (8 damage)
             ... with a puff of flame
             ... on level 4 of the Dungeon.
             The game lasted 00:14:02 (2852 turns).

sagitran the Poker (Merfolk Gladiator)              Turns: 2852, Time: 00:14:02

Health: -4/41      AC:  6    Str: 15    XL:     5   Next: 44%
Magic:  0/5        EV: 15    Int: 12    God:
Gold:   158        SH:  0    Dex: 16    Spells: 4/4 levels left

rFire    . . .     SeeInvis .   a - +0 trident
rCold    . . .     Gourm    .   (no shield)
rNeg     . . .     Faith    .   b - +0 leather armour
rPois    .         Spirit   +   (helmet restricted)
rElec    .         Reflect  .   (no cloak)
rCorr    .         Harm     .   i - +0 pair of gloves
MR       .....                  (no boots)
Stlth    +.........             k - amulet of guardian spirit
HPRegen  0.13/turn              (no ring)
MPRegen  0.09/turn              (no ring)

@: brilliant
A: change form in water, swift swim, stealthy swim, beak, iridescent scales 1
a: no special abilities


You were on level 4 of the Dungeon.
You were very hungry.

You visited 1 branch of the dungeon, and saw 4 of its levels.

You collected 158 gold pieces.

Inventory:

Hand Weapons
 a - a +0 trident (weapon)
Missiles
 d - 3 throwing nets (quivered)
Armour
 b - a +0 leather armour (worn)
 c - a +0 helmet
 i - a +0 pair of gloves (worn)
Jewellery
 k - an amulet of guardian spirit (around neck)
 o - a cursed amulet of inaccuracy {unknown}
Wands
 l - a wand of paralysis (6)
Scrolls
 e - 2 scrolls of amnesia {unknown}
 g - 3 scrolls of identify {unknown}
 h - a scroll of remove curse {unknown}
 j - 5 scrolls of teleportation {unknown}
Potions
 n - a potion of cancellation {unknown}
 p - a potion of brilliance
Comestibles
 f - 6 rations


   Skills:
 + Level 3.1 Fighting
 + Level 6.5 Polearms
 + Level 2.1 Throwing
 + Level 1.0 Armour
 + Level 5.3 Dodging


You had 4 spell levels left.
You didn't know any spells.
Your spell library contained the following spells:

 Spells                   Type           Power        Failure   Level  Hunger
 Beastly Appendage        Tmut           #.....       4%          1    ##.....
 Sticks to Snakes         Tmut           #.......     7%          2    ###....
 Spider Form              Tmut/Pois      #.........   13%         3    ####...
 Ice Form                 Ice/Tmut       #.......     36%         4    #####..
 Blade Hands              Tmut           #.........   67%         5    ######.


Dungeon Overview and Level Annotations

Branches:
Dungeon (4/15)
 Temple: D:4-7

Altars:
Ru


Innate Abilities, Weirdness & Mutations

You revert to your normal form in water.
You are very nimble and swift while swimming.
You are very stealthy in the water. (Stealth+)
You have a beak for a mouth.
You are partially covered in iridescent scales. (AC +2)


Message History

The orc hits you but does no damage. The orc closely misses you.
It was a potion of brilliance.
You feel clever all of a sudden. The hound barely misses you.
The bullfrog skeleton hits you.
* * * LOW HITPOINT WARNING * * *
The hound closely misses you. Something hits you.
* * * LOW HITPOINT WARNING * * *
The orc hits you with a +0 war axe.
* * * LOW HITPOINT WARNING * * *
It was a potion of mutation.
You feel extremely strange.
Your mouth lengthens and hardens into a beak!
Your +0 helmet falls away!
Iridescent scales grow over part of your body.
The orc hits you but does no damage. The hound misses you.
The orc hits you but does no damage.
The bullfrog skeleton closely misses you.
You hear some strange, mumbled words.
A puff of flame appears from out of thin air!
The puff of flame hits you!
You die...

############
#..........#
#..........#
#..........#
#..........#
#..........#
#...h......#
#.o@Z......#
#.oo{......#
#..........#
###..#######
##########...#
#......<...###
#....^....##
..........#
#.......$.#


You could see a hound, 3 orcs and a bullfrog skeleton.

Vanquished Creatures
  An orc wizard (D:3)
  6 adders
  A gnoll (D:2)
  An ooze (D:1)
  2 worms (D:3)
  4 orcs (D:3)
  3 bats
  2 giant cockroaches
  8 goblins
  8 hobgoblins
  6 jackals
  A quokka (D:2)
  7 frilled lizards
  7 kobolds
  6 rats
63 creatures vanquished.

Notes
Turn   | Place    | Note
-------+----------+-------------------------------------------
     0 | D:1      | sagitran the Merfolk Gladiator began the quest for the Orb.
     0 | D:1      | Reached XP level 1. HP: 16/16 MP: 1/1
   117 | D:1      | Reached XP level 2. HP: 13/22 MP: 2/2
   249 | D:1      | Reached skill level 5 in Polearms
   597 | D:1      | Reached XP level 3. HP: 28/28 MP: 3/3
  1112 | D:2      | Reached XP level 4. HP: 25/34 MP: 4/4
  1634 | D:3      | Found a sacrificial altar of Ru.
  1761 | D:3      | Reached skill level 5 in Dodging
  1801 | D:3      | Reached skill level 6 in Polearms
  2259 | D:3      | Reached XP level 5. HP: 18/41 MP: 3/5
  2842 | D:4      | Reached skill level 1 in Armour
  2852 | D:4      | Gained mutation: You have a beak for a mouth. [potion of
                  | mutation]
  2852 | D:4      | Gained mutation: You are partially covered in iridescent
                  | scales. (AC +2) [potion of mutation]
  2852 | D:4      | Killed from afar by an orc wizard

Levels and vault maps discovered:
D:1:      dpeg_arrival_simpleton_a, layout_loops_ring, st_stairs_14
D:2:      layout_basic, cheibrodos_gnoll_hut
D:3:      layout_basic, nicolae_ru_awakened_eye, serial_bayou_pond_d
D:4:      layout_rooms, kennysheep_mini_moat, gammafunk_ghost_grave

Skill      XL: |  1  2  3  4  5 |
---------------+----------------+-----
Polearms       | 5 6 |  6.5
Dodging        | 5 |  5.3
Fighting       | 3 |  3.1
Armour         | 1 |  1.0
Throwing       | |  2.1

Action                   |  1- 3 |  4- 6 || total
-------------------------+-------+-------++-------
Melee: Trident           |   122 |   144 ||   266
  Use: Potion            |       |     3 ||     3
  Eat: Chunk             |       |     2 ||     2
       Ration            |       |     1 ||     1
Armor: Leather armour    |    23 |    43 ||    66
       Skin              |       |     7 ||     7
Dodge: Dodged            |    90 |   122 ||   212
